[Event "*** Titled Tuesday Blitz"]
[Site "Chess.com"]
[Date "2021.03.09"]
[Round "7"]
[White "KonstantinB_1983"]
[Black "ChrisTool2"]
[Result "0-1"]
[WhiteElo "2489"]
[BlackElo "2358"]
[TimeControl "180+1"]
[EndTime "11:19:52 PST"]
[Termination "ChrisTool2 won by checkmate"]

1. Nf3 d5 2. c3 Nf6 3. d3 Nc6 4.
Nbd2 e5 5. e4 Bc5 6. Be2 O-O 7.
O-O h6 8. b4 Bd6 9. b5 Ne7 10.
Qc2 b6 11. a4 Ng6 12. Re1 Re8 13. Bb2 Nf4 14. Bf1 dxe4 15. dxe4 Bb7 16. Nc4 Qe7 17.
Nxd6 Qxd6 18. Bc4 Rad8 19. Qb3 Qd7 20. Rad1 Qg4 21. Bxf7+ Kh8 22. g3 Qxf3 23. gxf4 Nxe4 24. Qc2 Nxf2 25. Qg6 Nh3# 0-1

[Event "*** Titled Tuesday Blitz"]
[Site "Chess.com"]
[Date "2021.03.09"]
[Round "7"]
[White "Atco84"]
[Black "FredyMatsuura"]
[Result "1-0"]
[WhiteElo "2439"]
[BlackElo "2209"]
[TimeControl "180+1"]
[EndTime "11:19:52 PST"]
[Termination "Atco84 won by resignation"]

1. b3 e5 2. Bb2 Nc6 3. Nf3 e4 4. Nd4 Qf6 5. e3 Bc5 6. Nc3 Bxd4 7. exd4 Nxd4 8. Nd5 Qe5 9. Bxd4 Qxd4 10. Nxc7+ Kd8 11. Nxa8 b6 12. c3 Qe5 13. Qe2 Bb7 14. Nxb6 axb6 15. Qb5 Qf6 16. a4 Kc8 17. a5 bxa5 18. Qc5+ Kb8 19.
Qf8+ Kc7 20. Rxa5 g6 21. Qc5+ Kb8 22. Qa7+ Kc7 23. Ba6 Qb6 24. Bxb7 Qxa7 25. Rxa7 Kb6 26. Ra8 Kxb7 27. Rf8 d5 1-0

[Event "*** Titled Tuesday Blitz"]
[Site "Chess.com"]
[Date "2021.03.09"]
[Round "7"]
[White "BanjoKazooieN64"]
[Black "HrvojeZagreb"]
[Result "1-0"]
[WhiteElo "2398"]
[BlackElo "2264"]
[TimeControl "180+1"]
[EndTime "11:19:54 PST"]
[Termination "BanjoKazooieN64 won by resignation"]

1. e4 e6 2. d4 d5 3. Nc3 dxe4 4. Nxe4 Nd7 5. Nf3 Ngf6 6. Nxf6+ Nxf6 7. c3 Bd6 8. Bd3 b6 9. O-O Bb7 10. Bg5 h6 11.
Bh4 a6 12. Qe2 c5 13. dxc5 Bxc5 14. Rad1 Qc7 15. Bxf6 gxf6 16. Be4 O-O 17. b4 Be7 18. Nh4 f5 19. Bxb7 Qxb7 20. Qh5 Kg7 21. Rd3 f4 22.
Qg4+ Bg5 23. Nf3 f5 24. Qh5 Qf7 25. Qxf7+ Rxf7 26. Re1 a5 27. b5 Rc8 28. Rxe6 Rfc7 29. h4 Bf6 30. Rdd6 Bxc3 31. Rg6+ Kf7 32. Rxh6 Bb4 33.
Rxb6 Rc1+ 34. Kh2 Rf1 35. Rbf6+ Ke7 36. Re6+ Kf8 37. Rh8+ Kf7 38. Ng5+ Kg7 39. Rxc8 Rxf2 40. Rc7+ Kf8 41. Rf7+ 1-0

[Event "*** Titled Tuesday Blitz"]
[Site "Chess.com"]
[Date "2021.03.09"]
[Round "7"]
[White "Leo_C"]
[Black "politeplayer"]
[Result "1-0"]
[WhiteElo "2433"]
[BlackElo "2273"]
[TimeControl "180+1"]
[EndTime "11:19:58 PST"]
[Termination "Leo_C won by resignation"]

1. d4 Nf6 2. c4 g6 3. f3 e5 4.
dxe5 Nh5 5. Nh3 Qh4+ 6. Nf2 Qxc4 7. Nc3 Bc5 8. e4 Bxf2+ 9. Kxf2 Qc5+ 10. Be3 Qxe5 11. Bd4 Qg5 12. Bxh8 f6 13. Qd5 Qh4+ 14. g3 Nxg3 15. hxg3 Qxh1 16. Qg8+ Ke7 17. Qg7+ Ke8 18. Bc4 Qh2+ 19. Ke3 d5 20. Qg8+ Ke7 21. Nxd5+ Kd6 22. Qxc8 Nc6 23. Qxa8 Ne5 24. Qd8+ Kc5 25. Qxc7+ Nc6 26.
Qxb7 Qh6+ 27. f4 Qf8 28. Bxf6 Na5 29. Qb5+ Kd6 30. Be5+ Ke6 31. Qxa5 Qc5+ 32. Qxc5 1-0

[Event "*** Titled Tuesday Blitz"]
[Site "Chess.com"]
[Date "2021.03.09"]
[Round "7"]
[White "Sjakkerntobi"]
[Black "VladaSviridova"]
[Result "1-0"]
[WhiteElo "2374"]
[BlackElo "2218"]
[TimeControl "180+1"]
[EndTime "11:20:01 PST"]
[Termination "Sjakkerntobi won on time"]

1. e4 e6 2. d4 d5 3. Nd2 c5 4. Ngf3 cxd4 5. Nxd4 Nc6 6. Nxc6 bxc6 7. c4 Bd6 8. Bd3 Ne7 9. Qe2 O-O 10. e5 Bc7 11. Nf3 Ng6 12. h4 Ba6 13. b3 dxc4 14. bxc4 Bxe5 15. Rb1 Bf6 16. h5 Ne5 17. Nxe5 Qa5+ 18. Bd2 Qxe5 19. Be3 Bg5 20. h6 g6 21. Qf3 Bxe3 22.
fxe3 Rad8 23. Be2 Bxc4 24. Bxc4 Qc3+ 25. Kf2 Qc2+ 26. Be2 f5 27. Rhc1 Qxa2 28. Qxc6 1-0

[Event "*** Titled Tuesday Blitz"]
[Site "Chess.com"]
[Date "2021.03.09"]
[Round "7"]
[White "ikhasu"]
[Black "ehrenfeld"]
[Result "1/2-1/2"]
[WhiteElo "2398"]
[BlackElo "2507"]
[TimeControl "180+1"]
[EndTime "11:20:02 PST"]
[Termination "Game drawn by repetition"]

1. d4 Nf6 2. Bf4 e6 3. e3 b6 4. Nd2 Be7 5. Ngf3 O-O 6. h3 c5 7. c3 Ba6 8. Bxa6 Nxa6 9. Qe2 Qc8 10. O-O cxd4 11. exd4 Qb7 12. Rfe1 d6 13. Nc4 Rad8 14. Rad1 b5 15. Ne3 Nc7 16. Nf5 exf5 17. Qxe7 Rfe8 18. Bxd6 Rxe7 19. Bxe7 Re8 20. Bxf6 Rxe1+ 21. Rxe1 gxf6 22.
Re7 Qc6 23. Nh4 Kf8 24. Nxf5 a6 25. g4 Ne8 26. Ra7 Nd6 27. d5 Qxd5 28. Rd7 Qd1+ 29. Kh2 Qf3 30. Rxd6 Qxf2+ 31. Kh1 Ke8 32. Ng7+ Kf8 33.
Nf5 Ke8 34. Ng7+ Kf8 35. Nf5 1/2-1/2

[Event "*** Titled Tuesday Blitz"]
[Site "Chess.com"]
[Date "2021.03.09"]
[Round "7"]
[White "Shahaliyev"]
[Black "Marcin"]
[Result "1-0"]
[WhiteElo "2645"]
[BlackElo "2517"]
[TimeControl "180+1"]
[EndTime "11:20:03 PST"]
[Termination "Shahaliyev won on time"]

1. e4 c6 2. d3 d5 3. Nd2 e5 4.
Ngf3 Bd6 5. b3 Ne7 6. Bb2 Qc7 7. g3 O-O 8. Bg2 f5 9. O-O Nd7 10. Re1 Ng6 11. h4 Nf6 12. exd5 cxd5 13. h5 Nxh5 14.
Nxe5 Nxe5 15. Bxd5+ Kh8 16. Qxh5 Ng4 17. Re8 Be6 18. Rxe6 Bxg3 19. Kg2 Bxf2 20. Rh1 Qg3+ 21. Kf1 1-0

[Event "*** Titled Tuesday Blitz"]
[Site "Chess.com"]
[Date "2021.03.09"]
[Round "7"]
[White "PavelChernomordik"]
[Black "fm_magua"]
[Result "1-0"]
[WhiteElo "2409"]
[BlackElo "2576"]
[TimeControl "180+1"]
[EndTime "11:20:09 PST"]
[Termination "PavelChernomordik won by resignation"]

1. e4 c5 2. Nc3 Nc6 3. Bb5 g6 4. Bxc6 dxc6 5. f4 Bg7 6. Nf3 Nf6 7. O-O Bg4 8. h3 Bxf3 9. Qxf3 O-O 10. d3 Nd7 11. Be3 e5 12. f5 b6 13. a4 a5 14.
Nb1 f6 15. Nd2 Rf7 16. Nc4 Nf8 17. g4 b5 18. Nd2 Qd6 19. Qf2 c4 20. dxc4 bxc4 21.
Nxc4 Qb4 22. b3 g5 23. Bd2 Qb7 24. Nxa5 Qa6 25. Nc4 Rd7 26. h4 h6 27. hxg5 hxg5 28. Qc5 Nh7 29. Bc3 Bf8 30. Qe3 Rad8 31. Qe2 Bc5+ 32.
Kg2 Bd4 33. Bxd4 Rxd4 34. Rad1 Nf8 35. c3 Rxd1 36. Rxd1 Rb8 37. Rb1 Nd7 38. Qe3 Kg7 39. Rd1 Rb7 40. Nd2 Qa5 41. Qd3 Nc5 42. Qc4 Rd7 43. Kf1 Nxe4 44. Qxe4 Qxc3 45. Ke2 Qg3 46. Nf1 1-0

[Event "*** Titled Tuesday Blitz"]
[Site "Chess.com"]
[Date "2021.03.09"]
[Round "7"]
[White "KubaGepard"]
[Black "Grieve72"]
[Result "1-0"]
[WhiteElo "2413"]
[BlackElo "2512"]
[TimeControl "180+1"]
[EndTime "11:20:11 PST"]
[Termination "KubaGepard won by checkmate"]

1. e4 c5 2. Nf3 e6 3. d4 cxd4 4. Nxd4 Nc6 5. Nc3 Qc7 6. Be3 a6 7. a3 b5 8. Be2 Bb7 9. O-O Nf6 10.
Nxc6 Bxc6 11. Qd4 h5 12. h3 Be7 13. Bf3 Bd6 14. Bg5 Be5 15. Qd3 Bh2+ 16. Kh1 Ng4 17. Nd5 exd5 18. exd5 Bb7 19. Rae1+ Ne5 20. d6 O-O 21.
Rxe5 Qb6 22. Kxh2 f6 23. Bd5+ Bxd5 24. Qxd5+ Kh8 25. Be3 Qb8 26. Rxh5# 1-0

[Event "*** Titled Tuesday Blitz"]
[Site "Chess.com"]
[Date "2021.03.09"]
[Round "7"]
[White "Leonid_Starozhilov"]
[Black "dropstoneDP"]
[Result "0-1"]
[WhiteElo "2693"]
[BlackElo "2898"]
[TimeControl "180+1"]
[EndTime "11:20:12 PST"]
[Termination "dropstoneDP won by resignation"]

1. e4 e5 2. Nf3 Nc6 3. Bc4 Bc5 4. d3 Nf6 5. Nc3 d6 6. h3 Na5 7. Bb3 a6 8. Be3 Bxe3 9. fxe3 O-O 10. O-O Nxb3 11.
axb3 Be6 12. Qd2 Nd7 13. Rf2 Qe7 14. Raf1 c6 15. Ne2 a5 16. Ng3 g6 17. Nh2 Qg5 18.
Nf5 gxf5 19. exf5 Bd5 20. e4 Qxd2 21. Rxd2 Nf6 22. Re2 a4 23. exd5 cxd5 24. bxa4 Rxa4 25. g4 h6 26. h4 Nxg4 27. Rg2 h5 28. b3 Rb4 29. c3 Rxb3 30. Nxg4 hxg4 31. Rxg4+ Kh7 32. Kh2 Rg8 33. Rxg8 Kxg8 34. Rg1+ Kh8 35. f6 Rxc3 36.
Rg7 Rc7 37. h5 b5 38. Kg3 b4 39. Kg4 b3 40. Kg5 b2 41. Kh6 b1=Q 42. Rh7+ Kg8 43. Rg7+ Kf8 0-1

[Event "*** Titled Tuesday Blitz"]
[Site "Chess.com"]
[Date "2021.03.09"]
[Round "7"]
[White "Lupul_Cenusiu"]
[Black "kuhlmann"]
[Result "1-0"]
[WhiteElo "2563"]
[BlackElo "2394"]
[TimeControl "180+1"]
[EndTime "11:20:12 PST"]
[Termination "Lupul_Cenusiu won by resignation"]

1. d4 a5 2. Nf3 g6 3. e4 Bg7 4. h4 d6 5. h5 Nd7 6. h6 Bf8 7. e5 e6 8. Nc3 f5 9. Bf4 d5 10.
Ng5 Nb6 11. a3 Nxh6 12. Nxe6 Bxe6 13. Bxh6 Bxh6 14. Rxh6 Qg5 15. Qd2 f4 16. Rh1 O-O 17.
f3 a4 18. Qf2 c6 19. Qh4 Qxh4+ 20. Rxh4 Kg7 21. Kd2 g5 22. Rh2 Rh8 23. Rh5 Kg6 24.
Bd3+ Bf5 25. Rah1 Bxd3 26. Rh6+ Kg7 27. cxd3 Rae8 28. R1h5 Nc8 29. Nxa4 Ne7 30. Rf6 h6 31.
Nc5 Ng6 32. Ne6+ Rxe6 33. Rxe6 1-0

[Event "*** Titled Tuesday Blitz"]
[Site "Chess.com"]
[Date "2021.03.09"]
[Round "7"]
[White "gusmaster2262"]
[Black "Romadk"]
[Result "1-0"]
[WhiteElo "2167"]
[BlackElo "2323"]
[TimeControl "180+1"]
[EndTime "11:20:12 PST"]
[Termination "gusmaster2262 won by resignation"]

1. e4 Nf6 2. e5 Nd5 3. d4 d6 4. Nf3 Bg4 5. Be2 c6 6. O-O Bxf3 7. Bxf3 dxe5 8. dxe5 e6 9. Nd2 Nd7 10. Re1 Bc5 11. Ne4 Bb4 12. c3 Be7 13. c4 N5b6 14.
Nd6+ Kf8 15. a4 a5 16. Qd4 Nxe5 17. Qxe5 Qxd6 18. Qe2 Qc5 19. b3 Bf6 20. Ba3 Qxa3 21. Rxa3 Nd7 22. Rd1 Ne5 23. Ra2 Ng6 24. Rad2 h6 25.
g3 Ne5 26. Bg2 g5 27. Qe3 Kg7 28. h3 Rab8 29. Qb6 Rhc8 30. Qxa5 b6 31. Qb4 c5 32.
Qa3 Nc6 33. Bxc6 Rxc6 34. Rd7 Rc7 35. Rxc7 1-0

[Event "*** Titled Tuesday Blitz"]
[Site "Chess.com"]
[Date "2021.03.09"]
[Round "7"]
[White "Orest_Vovk"]
[Black "HouseOfDurin"]
[Result "1-0"]
[WhiteElo "2436"]
[BlackElo "2156"]
[TimeControl "180+1"]
[EndTime "11:20:13 PST"]
[Termination "Orest_Vovk won by resignation"]

1. d4 Nf6 2. Nf3 c5 3. c3 cxd4 4. cxd4 g6 5. e3 Bg7 6. Be2 O-O 7. O-O d5 8. Nc3 Ne4 9. Nxe4 dxe4 10. Ne5 Nc6 11.
Nxc6 bxc6 12. Bd2 Be6 13. Qa4 Bd5 14. Rac1 Qb6 15. b3 e5 16. dxe5 Bxe5 17. Bc3 Rfe8 18. Rfd1 f5 19. Bxe5 Rxe5 20. Qd4 Qxd4 21. Rxd4 Kf7 22.
g3 Re7 23. Rc5 Rd8 24. Bc4 Red7 25. Rxc6 Ke7 26. Rxd5 Rxd5 27. Bxd5 Rxd5 28. Rc7+ Kf6 29.
Rxa7 h6 30. h4 Rd6 31. b4 g5 32. hxg5+ hxg5 33. b5 Ke5 34. Re7+ Kd5 35. a4 Kc5 36.
Re5+ Kb4 37. Rxf5 Kxa4 38. Rxg5 Re6 39. Kg2 Kb4 40. b6 Rxb6 41. Re5 Kc3 42. Rxe4 1-0

[Event "*** Titled Tuesday Blitz"]
[Site "Chess.com"]
[Date "2021.03.09"]
[Round "7"]
[White "krzyzan94"]
[Black "redblizzard"]
[Result "0-1"]
[WhiteElo "2693"]
[BlackElo "2480"]
[TimeControl "180+1"]
[EndTime "11:20:14 PST"]
[Termination "redblizzard won by checkmate"]

1. c4 Nf6 2. g3 g6 3. Bg2 Bg7 4. Nc3 O-O 5. e4 d6 6. d3 c5 7. Nge2 Nc6 8. O-O e5 9. h3 Rb8 10. Nd5 Nd4 11. Nxd4 cxd4 12. Nxf6+ Bxf6 13. a4 Be6 14. f4 Bg7 15. f5 gxf5 16. exf5 Bd7 17. f6 Bxf6 18. Qh5 Bg7 19. Bd5 Be6 20. Be4 f5 21. Bxf5 Bxf5 22. Rxf5 Rxf5 23. Qxf5 Qf6 24.
Qxf6 Bxf6 25. a5 Kf7 26. Ra3 Ke6 27. Bd2 Rg8 28. Kg2 Bg5 29. Bxg5 Rxg5 30. Rb3 Rg7 31. Kf3 Rf7+ 32. Ke2 Rg7 33. g4 Rf7 34. Rb5 Kd7 35. b4 Kc6 36. a6 b6 37. Rd5 h5 38. g5 h4 39. b5+ Kc7 40. g6 Rg7 41. Kf3 Rxg6 42. Ke4 Rg3 43. Kf5 Rxh3 44. Ke6 Rg3 45.
c5 bxc5 46. b6+ axb6 47. a7 Kb7 48. Kxd6 Kxa7 49. Kc6 h3 50. Rd7+ Ka6 51. Rd8 Ka5 52. Rh8 Rxd3 53. Kd5 Kb4 54. Rh6 e4 55. Rxb6+ Kc3 56.
Rh6 e3 57. Rxh3 e2 58. Rh1 Kd2 59. Rh2 Kd1 60. Kc4 e1=Q 61. Kxd3 Qg3+ 62. Kc4 Qxh2 63. Kd5 Qd2 64. Ke4 d3 65. Kf3 c4 66. Ke4 c3 67.
Kd5 c2 68. Kc4 c1=Q+ 69. Kb3 Qcc3+ 70. Ka4 Qa2+ 71. Kb5 Qab2+ 72. Ka6 Qca3# 0-1

[Event "*** Titled Tuesday Blitz"]
[Site "Chess.com"]
[Date "2021.03.09"]
[Round "7"]
[White "Cambek64"]
[Black "Sanyura"]
[Result "0-1"]
[WhiteElo "2416"]
[BlackElo "2624"]
[TimeControl "180+1"]
[EndTime "11:20:15 PST"]
[Termination "Sanyura won by checkmate"]

1. e3 c5 2. c4 Nc6 3. Nc3 e5 4. g3 g6 5. Bg2 Bg7 6. Nge2 Nf6 7. O-O O-O 8. d3 d6 9. Rb1 Ne8 10. a3 a5 11. Nd5 Be6 12. Nec3 f5 13. Bd2 g5 14. f4 gxf4 15. gxf4 Nf6 16. b4 axb4 17. axb4 cxb4 18. Nxb4 exf4 19. Rxf4 Ng4 20. Nbd5 Be5 21. Qf1 Bxd5 22. Bxd5+ Kh8 23. Rxb7 Qh4 24. h3 Rg8 25. hxg4 Rxg4+ 26. Rxg4 Qh2# 0-1

[Event "*** Titled Tuesday Blitz"]
[Site "Chess.com"]
[Date "2021.03.09"]
[Round "7"]
[White "Korchmar_Vasiliy"]
[Black "TimofeevAr"]
[Result "0-1"]
[WhiteElo "2648"]
[BlackElo "2882"]
[TimeControl "180+1"]
[EndTime "11:20:16 PST"]
[Termination "TimofeevAr won on time"]

1. d4 Nf6 2. Nf3 b6 3. Bg5 Bb7 4. Nbd2 e6 5. e3 Be7 6. Bd3 O-O 7. O-O d6 8. a4 a5 9. c3 Nbd7 10. e4 h6 11. Bh4 Nh5 12. Bg3 Nxg3 13. hxg3 Bf6 14.
Qe2 g6 15. Rad1 Bg7 16. e5 dxe5 17. dxe5 Nc5 18. Bb5 c6 19. Ne4 Qe7 20. Nxc5 Qxc5 21. Bd3 b5 22. axb5 cxb5 23. Bxb5 Bxf3 24. gxf3 Bxe5 25.
Kg2 Bg7 26. Rd7 Rab8 27. c4 Qb4 28. Rb1 Rfd8 29. Qd3 Rxd7 30. Qxd7 Bf6 31. Qa7 Rd8 32.
Ra1 Rd2 33. Qxa5 Qxb2 34. Qa8+ Rd8 0-1

[Event "*** Titled Tuesday Blitz"]
[Site "Chess.com"]
[Date "2021.03.09"]
[Round "7"]
[White "Nf3c5"]
[Black "SantoBlue"]
[Result "0-1"]
[WhiteElo "2629"]
[BlackElo "2858"]
[TimeControl "180+1"]
[EndTime "11:20:17 PST"]
[Termination "SantoBlue won by checkmate"]

1. d4 Nf6 2. Bf4 g6 3. Nc3 Bg7 4. e4 d6 5. Qd2 c6 6. O-O-O b5 7.
f3 Qa5 8. Kb1 Be6 9. d5 Bd7 10.
dxc6 Nxc6 11. Nxb5 Qb6 12. Be3 Qb7 13. Nd4 O-O 14.
h4 Rfb8 15. b3 a5 16. Nxc6 Bxc6 17. Bd4 a4 18. Bc4 axb3 19. cxb3 Rc8 20. Rc1 Nxe4 21. fxe4 Bxe4+ 22. Kb2 Qa7 23. Bxg7 Qxa2+ 24. Kc3 Rxc4+ 25.
bxc4 Ra3+ 26. Kd4 Qxd2+ 27. Kxe4 f5# 0-1

[Event "*** Titled Tuesday Blitz"]
[Site "Chess.com"]
[Date "2021.03.09"]
[Round "7"]
[White "MoonlighT89"]
[Black "FormerProdigy"]
[Result "0-1"]
[WhiteElo "2598"]
[BlackElo "2836"]
[TimeControl "180+1"]
[EndTime "11:20:19 PST"]
[Termination "FormerProdigy won by resignation"]

1. e4 c5 2. Nc3 d6 3. Nf3 a6 4. d4 cxd4 5. Nxd4 Nf6 6. Nb3 g6 7. Be2 Bg7 8. Be3 Nc6 9. g4 h6 10. g5 hxg5 11. Bxg5 b5 12. a3 Bb7 13. Nd5 Nxe4 14.
Be3 Bxb2 15. Qd3 Bxa1 16. Qxe4 Bg7 17. Bb6 Qd7 18. Nc7+ Kf8 19. Bg4 e6 20. Rg1 Rc8 21. Bxe6 fxe6 22. Nxe6+ Qxe6 23. Qxe6 Re8 0-1

[Event "*** Titled Tuesday Blitz"]
[Site "Chess.com"]
[Date "2021.03.09"]
[Round "7"]
[White "boasovietica"]
[Black "Iskusnyh"]
[Result "0-1"]
[WhiteElo "2437"]
[BlackElo "2600"]
[TimeControl "180+1"]
[EndTime "11:20:19 PST"]
[Termination "Iskusnyh won on time"]

1. e4 e6 2. d4 d5 3. Nd2 c5 4.
exd5 exd5 5. Ngf3 Nc6 6. Bb5 cxd4 7. O-O Bd6 8. Nxd4 Ne7 9. c4 O-O 10. Bxc6 bxc6 11. cxd5 cxd5 12. N2f3 Bg4 13. b3 Qd7 14. Bb2 Ng6 15. Re1 Rfe8 16. Qd2 Nf4 17. Rxe8+ Rxe8 18. Re1 Re4 19. Rc1 Bxf3 20. gxf3 Rxd4 21. Bxd4 Qh3 22.
Rc8+ Qxc8 23. Qc2 Qxc2 0-1

[Event "*** Titled Tuesday Blitz"]
[Site "Chess.com"]
[Date "2021.03.09"]
[Round "7"]
[White "volkanyirik"]
[Black "SlavenPastar"]
[Result "1-0"]
[WhiteElo "2426"]
[BlackElo "2538"]
[TimeControl "180+1"]
[EndTime "11:20:22 PST"]
[Termination "volkanyirik won by checkmate"]

1. e4 b6 2. d4 Bb7 3. c4 Bxe4 4. Nc3 Bb7 5. Nf3 g6 6. h4 h5 7. Bg5 Bg7 8. Qd2 Nf6 9. O-O-O Ne4 10. Nxe4 Bxe4 11.
Qe3 d5 12. Nd2 Bf5 13. Bd3 Bxd3 14. Qxd3 O-O 15. g4 dxc4 16. Nxc4 Nc6 17. d5 Nb4 18. Qb3 Nxd5 19. Ne3 c6 20. gxh5 Qd6 21. hxg6 Qxg6 22.
Rdg1 e6 23. h5 Qe4 24. h6 Bxb2+ 25. Qxb2 f6 26. Bxf6+ Kf7 27. Be5 Rg8 28. Nxd5 Rxg1+ 29. Rxg1 cxd5 30. Rg7+ Kf8 31. Qa3+ Ke8 32. Qe7# 1-0

[Event "*** Titled Tuesday Blitz"]
[Site "Chess.com"]
[Date "2021.03.09"]
[Round "7"]
[White "northridgehawk"]
[Black "beto-betun"]
[Result "1-0"]
[WhiteElo "2330"]
[BlackElo "2211"]
[TimeControl "180+1"]
[EndTime "11:20:22 PST"]
[Termination "northridgehawk won on time"]

1. e4 c5 2. Nf3 d6 3. d4 cxd4 4. Nxd4 Nf6 5. Nc3 a6 6. h3 e5 7. Nde2 Be7 8. g4 Nc6 9. Bg2 Be6 10. a4 Rc8 11. O-O O-O 12. Nd5 Bxd5 13. exd5 Nd4 14.
Nxd4 exd4 15. Re1 Rc5 16. Bd2 Nxd5 17. b4 Nc3 18. Qc1 Re5 19. Bxc3 dxc3 20. Bxb7 Qb6 21. Bg2 Bg5 22. Qd1 Bd2 23. Rxe5 dxe5 24. Qe2 Re8 25. b5 axb5 26. axb5 h5 27. Bc6 Re6 28. gxh5 Kh7 29. Qe4+ g6 30. Ra8 Rf6 31. hxg6+ Rxg6+ 32. Kf1 Qc5 33. Re8 Kg7 34. Rxe5 Qa3 35. Qd4 Qc1+ 36. Re1+ f6 37.
Rxc1 1-0

[Event "*** Titled Tuesday Blitz"]
[Site "Chess.com"]
[Date "2021.03.09"]
[Round "7"]
[White "FlySooHigh"]
[Black "Omk124"]
[Result "1-0"]
[WhiteElo "2672"]
[BlackElo "2452"]
[TimeControl "180+1"]
[EndTime "11:20:23 PST"]
[Termination "FlySooHigh won by resignation"]

1. e4 c5 2. Nf3 d6 3. Nc3 Nf6 4. e5 dxe5 5. Nxe5 Nbd7 6. d4 cxd4 7. Qxd4 Nxe5 8. Qxe5 e6 9. Bg5 Be7 10. Bb5+ Bd7 11. O-O-O O-O 12. Bxf6 Bxf6 13. Qe3 Bxc3 14. bxc3 Bxb5 15. Rxd8 Rfxd8 16. Rd1 a6 17. Rxd8+ Rxd8 18. Qb6 Rd7 19. Qc5 Bc6 20. f3 g6 21. Qe5 Rd5 22. Qf6 Rf5 23. Qd8+ Kg7 24. c4 Rf4 25. Qd3 Rf5 26. Kb2 h5 27. Qd4+ Kh7 28. Kb3 Rg5 29.
Qd2 Rf5 30. Qe3 Ra5 31. g4 hxg4 32. fxg4 b5 33. Qb6 bxc4+ 34. Kc3 Ra3+ 35. Kb2 Rh3 36. Qxc6 c3+ 37. Kb3 Rxh2 38. Qxa6 Rg2 39. Qb7 Kg7 40. Qxg2 1-0

[Event "*** Titled Tuesday Blitz"]
[Site "Chess.com"]
[Date "2021.03.09"]
[Round "7"]
[White "sbouchet"]
[Black "LenkaPtacnikova"]
[Result "0-1"]
[WhiteElo "2315"]
[BlackElo "2139"]
[TimeControl "180+1"]
[EndTime "11:20:23 PST"]
[Termination "LenkaPtacnikova won by resignation"]

1. e4 c5 2. c3 Nf6 3. e5 Nd5 4. d4 cxd4 5. Nf3 d6 6. Bc4 Nb6 7. Bb5+ Bd7 8. Bxd7+ Qxd7 9. exd6 Qxd6 10. Nxd4 Nc6 11.
Nxc6 Qxc6 12. O-O e6 13. Nd2 Bd6 14. Ne4 Be7 15. Qe2 O-O 16. b3 f5 17. Nd2 Bf6 18. Bb2 Rae8 19. Rac1 Nd5 20. Nc4 Nf4 21. Qf3 Qxf3 22.
gxf3 Ne2+ 23. Kg2 Nxc1 24. Rxc1 Rd8 25. Rc2 Rd3 26. f4 Rfd8 27. Kf1 b5 28. Ne3 Rd2 29. Ke1 Rxc2 30. Nxc2 Rd3 0-1

[Event "*** Titled Tuesday Blitz"]
[Site "Chess.com"]
[Date "2021.03.09"]
[Round "7"]
[White "gisela_roque"]
[Black "ApoIogiA"]
[Result "0-1"]
[WhiteElo "1748"]
[BlackElo "2190"]
[TimeControl "180+1"]
[EndTime "11:20:24 PST"]
[Termination "ApoIogiA won by resignation"]

1. c4 Nf6 2. Nf3 g6 3. g3 Bg7 4. Bg2 O-O 5. O-O d5 6. b3 dxc4 7. bxc4 Ne4 8. d4 c5 9. e3 Nc6 10. Bb2 Bg4 11. Qc2 Bxf3 12. Bxf3 Ng5 13. Bxc6 bxc6 14.
dxc5 Bxb2 15. Qxb2 Qd3 16. Qc3 Qe4 17. h4 Nf3+ 18.
Kg2 Ne1+ 19. Kh3 Qg2+ 20. Kg4 h5+ 21. Kg5 Kh7 22. f4 f6+ 0-1

[Event "*** Titled Tuesday Blitz"]
[Site "Chess.com"]
[Date "2021.03.09"]
[Round "7"]
[White "NateSolon"]
[Black "Tooweak2slow03"]
[Result "0-1"]
[WhiteElo "2600"]
[BlackElo "2774"]
[TimeControl "180+1"]
[EndTime "11:20:26 PST"]
[Termination "Tooweak2slow03 won by resignation"]

1. d4 g6 2. e4 Nf6 3. e5 Nh5 4. Nc3 d6 5. f4 Bh6 6. g3 c5 7. Be3 cxd4 8. Qxd4 Nc6 9. Bb5 O-O 10. Bxc6 bxc6 11. O-O-O c5 12. Qe4 Rb8 13. exd6 exd6 14. Nge2 Bb7 15. Qc4 Bxh1 16. Rxh1 Re8 17. Bf2 Rb4 18.
Qd3 Nf6 19. Rd1 Qb6 20. b3 Bg7 21. Qxd6 Qxd6 22. Rxd6 Ne4 23. Nxe4 Rbxe4 24. Ng1 Bc3 25. Nf3 Bb4 26. Rd3 c4 27. bxc4 Rxc4 28. Ne5 Rc3 29. Rd7 Rec8 30. Nxf7 Rxc2+ 31. Kd1 Rxf2 32. Nh6+ Kf8 33.
Rxh7 Rd2+ 0-1

[Event "*** Titled Tuesday Blitz"]
[Site "Chess.com"]
[Date "2021.03.09"]
[Round "7"]
[White "bylavochka"]
[Black "Piotrek1979"]
[Result "1-0"]
[WhiteElo "2227"]
[BlackElo "2353"]
[TimeControl "180+1"]
[EndTime "11:20:26 PST"]
[Termination "bylavochka won by checkmate"]

1. e4 c5 2. Nf3 Nc6 3. d4 cxd4 4.
Nxd4 g6 5. c4 Nf6 6. Nc3 Nxd4 7.
Qxd4 d6 8. Be3 Bg7 9. Qd2 O-O 10. Be2 Be6 11. Rc1 Qa5 12. b3 Rfc8 13. O-O a6 14. f4 b5 15. f5 Bd7 16. fxg6 hxg6 17.
e5 dxe5 18. Rxf6 Bxf6 19. Qxd7 Rd8 20. Qh3 b4 21. Na4 e4 22. c5 Bd4 23. Bc4 Kg7 24. Qh6+ Kg8 25. Qxg6+ Kh8 26. Qh6+ Kg8 27. Bxd4 Rxd4 28.
Qg6+ Kh8 29. Bxf7 Rd6 30. cxd6 Qe5 31. Qh6# 1-0

[Event "*** Titled Tuesday Blitz"]
[Site "Chess.com"]
[Date "2021.03.09"]
[Round "7"]
[White "OMGCovid-19"]
[Black "VladimirBugayev"]
[Result "0-1"]
[WhiteElo "2075"]
[BlackElo "2265"]
[TimeControl "180+1"]
[EndTime "11:20:29 PST"]
[Termination "VladimirBugayev won by resignation"]

1. e4 c6 2. d4 d5 3. Nc3 dxe4 4.
Nxe4 Nf6 5. Nxf6+ exf6 6. Nf3 Bd6 7. Bd3 O-O 8. O-O Re8 9. h3 Be6 10. c3 Nd7 11. Qc2 Nf8 12. Re1 Rc8 13. Nd2 b5 14. Ne4 Bb8 15. Qe2 Qc7 16. g3 Bxh3 17. Bf4 Qd7 18.
Bxb8 f5 19. Nf6+ gxf6 20. Qh5 Bg4 21. Qh6 Rxb8 22. Qxf6 Re6 23. Qh4 Rbe8 24. Rxe6 Qxe6 25. f3 Qe3+ 26. Kh2 Qf2+ 0-1

[Event "*** Titled Tuesday Blitz"]
[Site "Chess.com"]
[Date "2021.03.09"]
[Round "7"]
[White "Chessmasterzt"]
[Black "Mihnea2017"]
[Result "1-0"]
[WhiteElo "2634"]
[BlackElo "2493"]
[TimeControl "180+1"]
[EndTime "11:20:31 PST"]
[Termination "Chessmasterzt won by resignation"]

1. d4 Nf6 2. c4 e6 3. g3 d5 4. Bg2 dxc4 5. Qa4+ Bd7 6. Qxc4 Bc6 7. Nf3 Be7 8. O-O O-O 9. Bg5 Bd5 10. Qc2 Nbd7 11.
Nc3 c5 12. Nxd5 Nxd5 13. Bxe7 Qxe7 14. dxc5 Qxc5 15. Qxc5 Nxc5 16. Rac1 Rac8 17. Ne5 b6 18. Rfd1 Nf6 19. Nc6 Rfe8 20. b4 Na6 21. Ne7+ Rxe7 22. Rxc8+ Re8 23. Rdd8 Kf8 24. Rxe8+ Nxe8 25. Bc6 Nc7 26.
Bxe8 Nxe8 27. Ra8 g5 28. Rxa7 Nd6 29. Ra8+ Kg7 30. a4 h5 31. Rb8 Nc4 32. Rc8 Na3 33. Rc3 Nb1 34. Rc6 1-0

[Event "*** Titled Tuesday Blitz"]
[Site "Chess.com"]
[Date "2021.03.09"]
[Round "7"]
[White "WPWPWP-2015"]
[Black "Oglob71"]
[Result "1-0"]
[WhiteElo "2512"]
[BlackElo "2387"]
[TimeControl "180+1"]
[EndTime "11:20:31 PST"]
[Termination "WPWPWP-2015 won by resignation"]

1. e4 c5 2. Nc3 a6 3. f4 e6 4. Nf3 b5 5. d3 Bb7 6. g3 Nf6 7. Bg2 b4 8. Ne2 d5 9. e5 Nfd7 10. d4 Nc6 11. Be3 a5 12. O-O a4 13. a3 Ba6 14.
axb4 Bxe2 15. Qxe2 cxd4 16. Nxd4 Nxd4 17. Bxd4 Bxb4 18.
f5 O-O 19. f6 g6 20. c3 Bc5 21.
Qe3 Bxd4 22. cxd4 Kh8 23. Qh6 Rg8 24. Rf4 g5 25. Rf2 Qf8 26. Qh5 Nb6 27. Bf1 Rg6 28. Bd3 Qh6 29. Bxg6 Qxg6 30. Qxg6 hxg6 31. b3 axb3 32. Rxa8+ Nxa8 33. Rb2 Nb6 34. Rxb3 Nc4 35. Rb8+ Kh7 36. Rf8 Nd2 37. Rxf7+ Kg8 38. Rg7+ Kf8 39. Kf2 g4 40. Rxg6 Nf3 41. Ke3 Nxh2 42. Rg7 Nf1+ 43. Kf4 Nd2 44. Rxg4 Nb3 45. Ke3 Na5 46. Rg7 Nc4+ 47.
Kf4 Nd2 48. Re7 Nb3 49. Ke3 1-0